Cogmind - Beta 16.1 @@@ ROGUE MODE // 2026.02.22 @ 14:40:34 Player: Storm Mk9 Result: Destroyed self via exploding Nuclear Reactor Performance ------------- Evolutions (2) 1000 Regions Visited (3) 600 Robots Destroyed (50) 250 Value Destroyed (1326) 1326 Prototype IDs (2) 40 Alien Tech Used (0) 0 Bonus (4) 4 TOTAL SCORE: 3220 Bonus ------- High Alert Combat Kills 4 Cogmind --------- Core Integrity 0/550 Matter 231/300 Energy 98/100 System Corruption 1% Temperature Cool (0) Movement Core (50) Location -8/Materials Parts ------- > --- POWER (1) -------- (None) > --- PROPULSION (3) --- (None) > --- UTILITY (4) ------ (None) > --- WEAPON (3) ------- (None) > --- INVENTORY (5) ---- Deuterium Engine Huge Storage Unit Mining Laser Peak State ------------ > --- POWER ------------ Subdweller Power Source > --- PROPULSION ------- Cooled Airjet Cooled Airjet Cooled Airjet > --- UTILITY ---------- Heat Sink Improved Heat Sink Small Storage Unit Seismic Detector > --- WEAPON ----------- Lightning Gun Assault Rifle Light Assault Rifle > --- INVENTORY -------- Subdweller Power Source Lightning Gun Subdweller Machine Gun Enhanced Autogun Mining Laser [Rating: 30] Favorites ----------- Power Ion Engine Engine Ion Engine Power Core Light Nuclear Core Propulsion Light Treads Treads Light Treads Wheel Wheel Hover Unit Cooled Airjet Utility Seismic Detector Device Seismic Detector Storage Small Storage Unit Weapon Assault Rifle Energy Gun Small Laser Energy Cannon Subdweller Beam Cannon Ballistic Gun Assault Rifle Special Weapon Mining Laser Build | -11 -10 -10 -8 ------- Run | Yrd Mat Sub Mat Slots Evolved 4 | . . . 4 Power . | . . . . Propulsion 1 | . . . 1 Utility 2 | . . . 2 Weapon 1 | . . . 1 Parts Attached 39 | 7 . 7 25 Power 8 | 1 . 2 5 Engine 6 | 1 . 2 3 Core 2 | . . . 2 Reactor . | . . . . Propulsion 10 | 2 . 1 7 Treads 6 | 2 . . 4 Leg . | . . . . Wheel 1 | . . 1 . Hover 3 | . . . 3 Flight . | . . . . Utility 6 | 2 . . 4 Device 4 | 1 . . 3 Storage 2 | 1 . . 1 Processor . | . . . . Hackware . | . . . . Protection . | . . . . Artifact . | . . . . Weapon 15 | 2 . 4 9 Energy Gun 5 | 1 . . 4 Energy Cannon 1 | . . 1 . Ballistic Gun 8 | 1 . 2 5 Ballistic Cannon . | . . . . Launcher . | . . . . Special Weapon 1 | . . 1 . Impact Weapon . | . . . . Slashing Weapon . | . . . . Piercing Weapon . | . . . . Special Melee Weapon . | . . . . Unidentified Prototypes 2 | . . . 2 Parts Lost 23 | . . 6 17 Power 5 | . . 2 3 Propulsion 7 | . . 2 5 Utility 3 | . . . 3 Weapon 8 | . . 2 6 Highest Loss Streak 14 | . . 5 14 To Critical Strikes . | . . . . Average Backups 6 | 2 7 7 6 Power 1 | . 1 . 1 Propulsion . | 1 1 . . Utility 1 | . 1 2 . Weapon 3 | 1 3 4 3 Tool/Special . | . . . . Unused Backups 3 | . . . 3 Power . | . . . . Propulsion . | . . . . Utility 1 | . . . 1 Weapon 2 | . . . 2 Tool/Special . | . . . . Average Slot Usage (%) 95 | . 100 92 90 Engine 12 | . 14 13 7 Treads 18 | . 28 15 5 Wheel 1 | . . 6 . Hover 5 | . . . 18 Device 16 | . 14 14 24 Storage 12 | . 14 14 8 Energy Gun 9 | . 14 7 3 Energy Cannon 1 | . . 5 . Ballistic Gun 15 | . 14 14 18 Peak Build Rating 30 | 7 8 10 30 Average Rating 11 | 5 7 9 24 On Entrance 6 | . 7 8 9 Avg Prop Armor Cover (%) 3 | . . . 3 Naked Turns 5 | . . . 5 Heaviest Build 28 | 14 14 23 28 Greatest Support 60 | 40 40 40 60 Greatest Overweight (x) 2 | . . 2 2 Average Overweight (x) . | . . . . Largest Inventory Capacity 10 | 8 8 8 10 Average Capacity 8 | 7 8 8 8 Most Carried 10 | 5 8 8 10 Average Carried 6 | 2 7 7 6 Final Capacity 8 | 8 8 8 5 Final Carried 8 | 4 8 8 3 Class Distribution -------------------- 77% | Mutant 16% | Scavenger-Gunner 6% | Scavenger-Mutant Dominant Class ---------------- Mutant | -10/Materials Mutant | -10/Subcaves Scavenger-Gunner | -8/Materials Resources | -11 -10 -10 -8 ----------- Run | Yrd Mat Sub Mat Matter Collected 913 | 302 130 118 363 Remotely . | . . . . Salvage Created 1514 | 90 415 193 816 Parts 115 | 12 29 26 48 Haulers Intercepted 3 | . . . 3 Recyclers Shooed . | . . . . Parts Field Recycled . | . . . . Retrieved Matter . | . . . . Parts Self-Destructed 6 | . . 6 . Prevented . | . . . . Parts Restored . | . . . . Kills | -11 -10 -10 -8 ------- Run | Yrd Mat Sub Mat Combat Hostiles Destroyed 41 | . 13 8 20 Guns 35 | . 13 4 18 Cannons 4 | . . 4 . AOE 2 | . . . 2 Classes Destroyed 7 | 1 3 1 2 Tunneler 5 | 5 . . . Hauler 3 | . . . 3 Watcher 1 | . 1 . . Swarmer 19 | . 6 4 9 Grunt 17 | . 7 . 10 Sentry 1 | . . . 1 Subdweller 4 | . . 4 . Best Kill Streak 6 | 1 6 4 5 Combat Bots Only 6 | . 6 4 5 Max Kills in Single Turn 2 | 1 1 1 2 Gunslinging . | . . . . Exploded 2 | . . . 2 Melee . | . . . . Uniques/NPCs Destroyed . | . . . . Combat | -11 -10 -10 -8 -------- Run | Yrd Mat Sub Mat Hostile Shots Fired 276 | . 60 59 157 Missed 84 | . 13 21 50 Hits 192 | . 47 38 107 Melee 16 | . . . 16 Projectile 176 | . 47 38 91 Critical Strikes 12 | . 1 . 11 Damage Taken 2920 | . 524 453 1943 Core 725 | . 86 74 565 Absorbed by Shields . | . . . . Core Remaining (%) 68 | 100 . 36 . Volleys Fired 123 | 11 43 22 47 Largest 3 | 2 2 2 3 Hottest 179 | 60 60 110 179 Shots Fired 283 | 22 85 41 135 Gun 270 | 22 85 30 133 Cannon 9 | . . 9 . Launcher . | . . . . Special 4 | . . 2 2 Kinetic 182 | 11 43 25 103 Thermal 90 | 11 42 16 21 Explosive . | . . . . Electromagnetic 11 | . . . 11 Robot Hit Streak 19 | 3 14 15 19 Robot Miss Streak 5 | 3 3 2 5 Penetration Max . | . . . . Secondary Targets 2 | . . . 2 Max Gunslinging Chain 1 | . . . 1 Shots Hit Robots 187 | 10 59 26 92 Core Hits 87 | 5 24 9 49 Critical Kills 1 | . . . 1 Critical Parts Destroyed 1 | . . . 1 Critical Strikes 4 | . . 1 3 Burn 1 | . . . 1 Destroy 3 | . . 1 2 Melee Attacks . | . . . . Impact . | . . . . Slashing . | . . . . Piercing . | . . . . Sneak Attacks . | . . . . Combat Hostiles . | . . . . Follow-up Attacks . | . . . . Damage Inflicted 3034 | 131 730 511 1662 Guns 2597 | 131 730 388 1348 Cannons 123 | . . 123 . Explosions 309 | . . . 309 Melee . | . . . . Ramming 5 | . . . 5 Kinetic 1651 | 45 332 345 929 Thermal 882 | 86 398 166 232 Explosive 309 | . . . 309 Electromagnetic 187 | . . . 187 Impact . | . . . . Slashing . | . . . . Piercing . | . . . . Highest Corruption 1 | . . . 1 Average Corruption 1 | . . . 1 Corruption Purged . | . . . . Corruption Blocked . | . . . . Effects 1 | . . . 1 Energy Discharges 1 | . . . 1 Overload Shots . | . . . . Overflow Damage 95 | . . . 95 Projectiles . | . . . . Explosions 95 | . . . 95 Melee . | . . . . Knockbacks . | . . . . Impact . | . . . . Kinetic . | . . . . Secondary . | . . . . Self-Inflicted Damage 102 | . . . 102 Shots 1 | . . . 1 Rammed 1 | . . . 1 Targets Rammed 1 | . . . 1 Kicked . | . . . . Crushed . | . . . . Highest Temperature 404 | . 138 . 404 Average Temperature 50 | . 41 . 70 Received Heat Transfer 1080 | . 267 84 729 Effects 1 | . . . 1 Energy Bleed 1 | . . . 1 Siege Activations . | . . . . Martial Activations . | . . . . Shielding Activations . | . . . . Robots Disrupted . | . . . . Combat Hostiles . | . . . . Robots Corrupted . | . . . . Combat Hostiles . | . . . . Parts Fried 1 | . . . 1 Impact Corruptions . | . . . . Robots Melted . | . . . . Combat Hostiles . | . . . . Parts Melted 1 | . 1 . . Heat Transferred 1848 | 200 850 248 550 Parts Sabotaged . | . . . . Parts Stolen . | . . . . Parts Stripped . | . . . . Power Chain Reactions . | . . . . Alert | -11 -10 -10 -8 ------- Run | Yrd Mat Sub Mat Maximum Alert Level 2 | . . . 2 Low Security (%) 94 | 100 100 . 83 Level 1 5 | . . . 16 Level 2 . | . . . . Level 3 . | . . . . Level 4 . | . . . . Level 5 . | . . . . High Security . | . . . . Max Security . | . . . . Peak Influence 417 | 5 176 . 417 Initial 37 | . . . 37 Average 76 | . 76 . 91 Influence Increases 1516 | 25 428 125 938 Destroy 0b10 Robot/C 740 | . 260 80 400 Destroy 0b10 Robot/NC 45 | 25 5 . 15 Destroy Leader 118 | . 62 . 56 Successful Hack 18 | . 10 . 8 Disable Machine 60 | . . . 60 Anti-Garrison Action 150 | . . . 150 Destroy Structure 25 | . 1 . 24 Partial Spotted 45 | . . . 45 Lose Combat Pursuer 315 | . 90 45 180 Influence Decreases 1019 | 25 364 116 514 Entered New Map 68 | . . 32 36 Time Decay 771 | 25 364 74 308 Lost Part 180 | . . 10 170 Squads Dispatched 7 | . 2 . 5 Investigation 1 | . . . 1 Extermination . | . . . . Reinforcement 3 | . 2 . 1 Assault 2 | . . . 2 Garrison 1 | . . . 1 Intercept . | . . . . Searches Triggered . | . . . . Construction Impeded . | . . . . Haulers Reinforced . | . . . . Active Scanning Responses . | . . . . Cargo Convoy Interrupts . | . . . . Stealth | -11 -10 -10 -8 --------- Run | Yrd Mat Sub Mat Distress Signals 6 | . 3 . 3 Communications Jammed . | . . . . Distress Signals . | . . . . Times Spotted 92 | . 32 9 51 Peak Tracking Total 13 | . 7 6 13 Tactical Retreats 9 | . 4 1 4 Traps | -11 -10 -10 -8 ------- Run | Yrd Mat Sub Mat Traps Triggered . | . . . . Indirectly . | . . . . Trap Hack Attempts . | . . . . Triggered . | . . . . Disarmed . | . . . . Reprogrammed . | . . . . Reused . | . . . . Traps Extracted . | . . . . Installed . | . . . . Triggered . | . . . . Objects Rigged 3 | . . . 3 Exploded 2 | . . . 2 Machines | -11 -10 -10 -8 ---------- Run | Yrd Mat Sub Mat Machines Disabled 5 | . . . 5 Max in Single Turn 2 | . . . 2 Garrison Access 1 | . . . 1 Machines Repaired . | . . . . Machines Dismantled . | . . . . Machines Sabotaged . | . . . . Overloaded Fab Kills . | . . . . Hacking | -11 -10 -10 -8 --------- Run | Yrd Mat Sub Mat Machines Accessed 9 | . 5 2 2 Terminals 6 | . 5 . 1 Fabricators . | . . . . Repair Stations . | . . . . Recycling Units . | . . . . Scanalyzers . | . . . . Garrison Access 1 | . . . 1 Total Hacks 34 | . 24 2 8 Successful 18 | . 14 2 2 Failed 16 | . 10 . 6 Catastrophic 2 | . 2 . . Database Lockouts . | . . . . Manual 24 | . 21 . 3 Terminals 27 | . 24 . 3 Fabricators . | . . . . Repair Stations . | . . . . Recycling Units . | . . . . Scanalyzers . | . . . . Garrison Access 5 | . . . 5 Terminal Hacks 5 | . 3 2 . Record 1 | . . 1 . Robot Analysis 2 | . 2 . . Open Door 1 | . . 1 . Locate Traps 1 | . 1 . . Fabricator Hacks . | . . . . Repair Station Hacks . | . . . . Recycling Unit Hacks . | . . . . Scanalyzer . | . . . . Garrison Access Hacks . | . . . . Unauthorized Hacks 13 | . 11 . 2 Terminals 13 | . 11 . 2 Track 1 | . 1 . . Botnet 4 | . 4 . . Detonate 1 | . . . 1 Disrupt 2 | . 1 . 1 Operators 1 | . 1 . . Skim 4 | . 4 . . Fabricators . | . . . . Repair Stations . | . . . . Recycling Units . | . . . . Scanalyzers . | . . . . Garrison Access . | . . . . Data Cores Recovered . | . . . . Used . | . . . . Hacking Detections 7 | . 5 . 2 Full Trace Events 2 | . 1 . 1 Feedback Events . | . . . . Feedback Blocked . | . . . . Robot Schematics Acquired . | . . . . Robots Built . | . . . . Authchips . | . . . . Time . | . . . . Total Robot Build Rating . | . . . . Part Schematics Acquired . | . . . . Parts Built . | . . . . Authchips . | . . . . Time . | . . . . Total Part Build Rating . | . . . . Part Studies Acquired . | . . . . Parts Repaired . | . . . . Time . | . . . . Parts Recycled . | . . . . Recycled Matter . | . . . . Retrieved Matter . | . . . . Retrieved Components . | . . . . Parts Scanalyzed . | . . . . Part Schematics Acquired . | . . . . Parts Damaged . | . . . . Bothacking | -11 -10 -10 -8 ------------ Run | Yrd Mat Sub Mat Used RIF Installer . | . . . . Robots Hacked . | . . . . Non-combat . | . . . . Combat . | . . . . Robot Hacks Applied . | . . . . Relay Couplers Released 3 | . . . 3 Machine Destruction 3 | . . . 3 Fabnet Peak Effective % . | . . . . Robots Rewired . | . . . . Allies Hacked . | . . . . Hacks Repelled . | . . . . Allies | -11 -10 -10 -8 -------- Run | Yrd Mat Sub Mat Total Allies . | . . . . Largest Group . | . . . . Highest-Rated Group . | . . . . Highest-Rated Ally . | . . . . Total Orders . | . . . . Ally Attacks . | . . . . Total Damage . | . . . . Kills . | . . . . Allies Corrupted . | . . . . Allies Melted . | . . . . Intel | -11 -10 -10 -8 ------- Run | Yrd Mat Sub Mat Active Infowar (turns) 3445 | 43 1570 968 864 Seismic 3445 | 43 1570 968 864 Robot Analysis Total 2 | . 2 . . Derelict Logs Recovered 1 | . . 1 . Drone Launches . | . . . . Drone Recoveries . | . . . . Exploration | -11 -10 -10 -8 ------------- Run | Yrd Mat Sub Mat Turns Passed 3678 | 215 1570 968 925 Spaces Moved 1824 | 111 777 651 285 Core 23 | 11 . . 12 Treads 1263 | 100 777 308 78 Legs . | . . . . Wheels 349 | . . 343 6 Hover 189 | . . . 189 Flight . | . . . . Fastest Speed 42 | 50 160 95 42 Average Speed 138 | 149 160 132 89 Slowest Speed 175 | 160 160 160 175 Overloaded Moves 37 | . . . 37 Propulsion Burnouts . | . . . . Robots Hopped . | . . . . Potential Cave-ins . | . . . . Cave-ins Triggered . | . . . . Exploration Rate (%) 46 | 5 98 57 27 Regions Visited 3 Branch Regions 1 Pre-discovered Areas 1 | . . 1 . Known Exits Taken . | . . . . Unknown Exits Taken 3 | 1 1 1 . Scrap Searched . | . . . . Spaces Dug . | . . . . Terrain Destroyed 23 | . . 1 22 Melee . | . . . . Projectile 3 | . . 1 2 AOE 20 | . . . 20 Terrain Rammed . | . . . . Walls Destroyed . | . . . . Machines Disabled . | . . . . Actions | -11 -10 -10 -8 --------- Run | Yrd Mat Sub Mat Total 2725 | 139 1019 710 857 Wait 683 | . 196 23 464 Move 1821 | 110 776 650 285 Hop . | . . . . Pick Up 36 | 11 4 6 15 Fast Attach 2 | . . . 2 Attach 28 | 7 . 5 16 Detach . | . . . . Swap 16 | . . 3 13 Drop 15 | . . 1 14 Fire 123 | 11 43 22 47 Melee . | . . . . Ram 1 | . . . 1 Kick . | . . . . Crush . | . . . . Escape Stasis . | . . . . Rewire . | . . . . Trap . | . . . . Miscellaneous . | . . . . Route ------- -11/Scrapyard -10/Materials (discovered 4 exits: [*Mat x2] / [*Min] / *Sub) -10/Subcaves -8/Materials History --------- Turn | Location | Event 5 | -11/Scrapyard | Discovered new exit (range 14) 216 | -11/Scrapyard | Entered Materials 312 | -10/Materials | Build established: Mutant 477 | -10/Materials | Discovered new exit (range 12) 1305 | -10/Materials | Discovered new exit (range 14) 1313 | -10/Materials | Discovered new exit (range 6) 1431 | -10/Materials | Discovered new exit (range 10) 1786 | -10/Materials | Entered Subcaves 1867 | -10/Subcaves | Shifting Twisted Machinery released Sub. Machine Gun 1874 | -10/Subcaves | Shifting Twisted Machinery released Sub. Beam Cannon 2331 | -10/Subcaves | Core integrity fell below 50% 2361 | -10/Subcaves | Lost 5 parts (2p2n1w) 2699 | -10/Subcaves | Discovered new exit (range 13) 2700 | -10/Subcaves | Ambushed by Subdwellers from Twisted Machinery 2754 | -10/Subcaves | Entered Materials 2754 | -8/Materials | Evolved 4 slots: Propulsion x1, Utility x2, Weapon x1 3426 | -8/Materials | Garrison activated, responded to threat 3482 | -8/Materials | Build established: Scavenger-Gunner 3619 | -8/Materials | Core integrity fell below 50% 3652 | -8/Materials | Lost 14 parts (3p4n2u5w) 3676 | -8/Materials | Core integrity fell below 20% 3679 | -8/Materials | Destroyed self via exploding Nuclear Reactor Last Messages --------------- 03674_ Dropped Lgt. Nuclear Core. 03678_ Connecting with Terminal... >>Trojan(Detonate) Trojan loaded successfully. Testing... Scanning machine control network... Found 3 applicable machines. CRSBC3VIU3: Nuclear Reactor X4ZCNGMD61: Nuclear Reactor QVFB5C45WJ: Neutrino Reactor Infected machine control systems. >>Trojan(Disrupt) Trojan loaded successfully. Testing... Disruption routine running. 03679_ Nuclear Reactor detonated. 03679_ Destroyed Lgt. Ion Engine. 03679_ Destroyed Flight Unit. 03679_ S-10 Pest destroyed. 03679_ Terminal disabled. Map ----- +----------------------------------------------------+ | ?????????????# """ ! # #? | | ?????????????? """ # #? | | ?????????????? """ ?# #? | | ??????????????? ?# #? | | ??????????????######??# ## | | ??????????????????????# | | ??????????????????????# | | ??????????????????????# | | ??????????????????????# ## | | ??????????????????????# #? | | ??????????????????????# #? | | ??????????????????????# #? | | ????????? ????????????# #? | | ????????? ????????????# #? | | ????????? ########????# #? | | ????????? #????# #? | | ????????? #????# #? | | ?????????^ T #????# #? | | ????????? #????# # | | ????????# ] ####### # | | ????????# # # + | | ????????#!!! # # # | | ????????#!! # # # | | ?########!! # # #? | | ?# " # # # #? | | ?# @ =%# # / #? | | ?# s # # #? | | ?# #s # # #? | | ?# # *# # #? | | ?# !# """ # # #? | | ?########* """ # # #? | | ?? ?# """ # # #? | | ?? """" # ####### ## | | # ""R" # ####### | | # "" " + ## | | # # #? | | # """ ##+###+#########+##? | | ? """ ??# #?????????? | | ? """ ??# ! !#?????????? | | ? ???# #?????????? | | # ! ???# #?????????? | | ? ????# #?????????? | | # ###????# #?????????? | | #????????#########?????????? | | | | | | | | | | | | | +----------------------------------------------------+ Best States ------------- Heat Dissipation 59 Energy Generation 15 Energy Capacity 250 Matter Stores 300 Matter Capacity 300 Sight Range 16 Terrain Scan Density 10 Evasion (%) 56 Recoil Reduction 3 Item Schematics ----------------- None Robot Schematics ------------------ None Fabricated ------------ Nothing Repaired ---------- Nothing Studied --------- None Alien Tech Used ----------------- None Achievements -------------- Hydra Challenges ------------ None Game ------ Seed ActuatorStorageLaser Manual? 0 Play Time 00:26:39 Cumulative 93.5 hours Start 2026.02.22 @ 14:14:08 End 2026.02.22 @ 14:40:34 Sessions 1 Manual Loads 0 Difficulty Rogue Special Mode None Game No. 105 Rogue 86 Adventurer 0 Explorer 19 Win Type - Total 0 Types 0/0/0/0/0/0/0/0/0/0 Lore% 57 Gallery% 46 Achievement% 41 Wizard Run 0 Options --------- Layout 1 ASCII 0 Keyboard 0 Movement Mouse Keybinds 0 Fullscreen 2 Font 16/SmallcapsGlow Map View 50x40 Zoom Use 0% Tactical HUD 1 Map Filters NONE Filters NONE Steam SD RUN: 627fbc3f-2aa4-426b-aa7b-ab908b615f50